AoeStats
← 93老玩家回归

African Clearing

510574383Analyzed
4v4 RM · 21h ago on Oct 1, 2026· 35m 52s· 8 players
Game mode
Random Map
Map size
Large (8 player)
Population
200
Speed
Normal
Resources
Standard
Victory
Conquest
Starting age
Dark Age
Ending age
Imperial Age
RankedLock teamsTeams togetherTeam positionsShared explorationLock speedFull tech treeHidden civsTurbo modeCheats
Victory
Defeat
🇨🇳 Vietnamese · China
1634
+5
🇨🇳 Italians · China
1452
+10
🇨🇳 Persians · China
1290
+16
🇨🇳 Jurchens · China
1264
+17
🇳🇴 Gurjaras · Norway
1338
-14
🇮🇹 Varangians · Italy
1329
-12
🇦🇷 Britons · Argentina
1327
-12
🇨🇭 Cumans · Switzerland
1281
-10
Geronimo
6:25 Loom
12:31 Feudal Age
20:50 Castle Age
20:16 Scale Barding Armor
20:22 Forging
20:28 Bloodlines
20:21 Double-Bit Axe
20:18 Horse Collar
22:28 Chain Barding Armor
24:00 Fletching
25:25 Town Watch
Noob
8:11 Loom
13:44 Feudal Age
17:42 Castle Age
16:11 Double-Bit Axe
16:13 Horse Collar
28:19 Bloodlines
28:36 Husbandry
29:31 Scale Barding Armor
32:25 Fletching
32:56 Chain Barding Armor
bigapple334
9:11 Loom
12:47 Feudal Age
13:06 Man-at-Arms
19:08 Double-Bit Axe
20:10 Arson
25:48 Castle Age
23:43 Horse Collar
24:24 Gold Mining
25:07 Fletching
26:08 Crossbowman
26:53 Bodkin Arrow
28:18 Padded Archer Armor
30:52 Leather Archer Armor
32:10 Ballistics
HSL | MaurKo
9:39 Loom
13:50 Feudal Age
17:59 Castle Age
18:40 Fletching
24:08 Double-Bit Axe
28:25 Bodkin Arrow
30:14 Husbandry
30:24 Bloodlines
30:36 Bloodlines
31:50 Padded Archer Armor
33:12 Wheelbarrow
33:45 Bow Saw
34:44 Ballistics
859
3:43 Loom
12:26 Feudal Age
18:49 Castle Age
17:03 Double-Bit Axe
17:07 Horse Collar
18:49 Wheelbarrow
18:30 Bloodlines
18:57 Scale Barding Armor
19:19 Husbandry
24:20 Chain Barding Armor
25:43 Forging
30:24 Iron Casting
36:30 Bow Saw
36:29 Heavy Plow
93老玩家回归
12:45 Feudal Age
12:24 Loom
13:02 Man-at-Arms
14:53 Forging
15:35 Fletching
22:26 Castle Age
20:59 Padded Archer Armor
21:56 Double-Bit Axe
22:59 Crossbowman
24:33 Bodkin Arrow
27:18 Thumb Ring
29:05 Wheelbarrow
28:16 Town Watch
31:46 Sanctity
860
4:44 Loom
14:23 Feudal Age
17:54 Castle Age
15:57 Double-Bit Axe
19:36 Bow Saw
20:04 Fletching
23:05 Bodkin Arrow
24:30 Gold Mining
25:32 Ballistics
25:24 Husbandry
25:41 Padded Archer Armor
26:55 Leather Archer Armor
27:33 Town Watch
28:25 Wheelbarrow
27:37 Horse Collar
31:21 Murder Holes
33:54 Hand Cart
37:56 Imperial Age
35:36 Heavy Plow
Daily
11:58 Feudal Age
12:03 Man-at-Arms
12:29 Arson
20:47 Castle Age
21:18 Loom
22:26 Double-Bit Axe
22:21 Horse Collar
22:32 Gold Mining
30:09 Wheelbarrow
34:46 Imperial Age
32:47 Hand Cart
32:34 Scale Mail Armor
32:36 Squires
32:58 Bow Saw
35:35 Scale Mail Armor
35:37 Squires
Connection lost

Rejoining the realm…

Still unreachable

The connection could not be restored.

Session expired

The server has moved on; the page needs a fresh start.